 Dungeon Crawl Stone Soup version 0.22.2-1-ge965b3aba3 (webtiles) character file.

795 theanonym the Cudgeler (level 7, -10/54 HPs)
             Began as a Mummy Enchanter on Aug 31, 2021.
             Was an Initiate of Gozag.
             Mangled by an ogre
             ... wielding a +0 giant club
              (23 damage)
             ... on level 5 of the Dungeon.
             The game lasted 00:13:34 (9406 turns).

theanonym the Cudgeler (Mummy Enchanter)            Turns: 9406, Time: 00:13:35

Health: -10/54     AC: 10    Str: 13    XL:     7   Next: 58%
Magic:  11/11      EV:  3    Int: 15    God:    Gozag
Gold:   585        SH:  4    Dex: 12    Spells: 10/11 levels left

rFire    x . .     SeeInvis +   a - +0 flail
rCold    + . .     Gourm    .   c - +0 buckler
rNeg     + + +     Faith    .   d - +0 plate armour
rPois    ∞         Spirit   .   (no helmet)
rElec    .         Reflect  .   (no cloak)
rCorr    .         Harm     .   (no gloves)
MR       .....                  (no boots)
Stlth    ..........             (no amulet)
HPRegen  0.18/turn              g - ring of see invisible
MPRegen  0.12/turn              (no ring)

@: no status effects
A: no food or potions, fire vulnerability, cold resistance 1, negative energy
resistance 3, torment resistance, unbreathing
a: Potion Petition, Call Merchant, Bribe Branch, Renounce Religion


Innate Abilities, Weirdness & Mutations

You do not eat or drink.
Your flesh is vulnerable to fire.
You are immune to poison.
Your flesh is cold resistant. (rC+)
You are immune to negative energy. (rN+++)
You are immune to unholy pain and torment.
You can survive without breathing.


   Skills:
 + Level 4.1 Fighting
   Level 0.9 Short Blades
 * Level 4.1 Maces & Flails
 - Level 3.3 Dodging
 - Level 2.4 Stealth
 + Level 2.5 Shields
 - Level 2.6 Spellcasting
 - Level 2.6 Hexes


You had 10 spell levels left.
You knew the following spells:

 Your Spells              Type           Power        Failure   Level  Hunger
a - Corona                Hex            ##.....      100%        1    N/A

Your spell library contained the following spells:

 Spells                   Type           Power        Failure   Level  Hunger
 Ensorcelled Hibernation  Hex/Ice        #.....       100%        2    N/A
 Confuse                  Hex            ##......     100%        3    N/A
 Dazzling Spray           Conj/Hex       #.....       100%        3    N/A
 Tukima's Dance           Hex            ##......     100%        3    N/A

Skill      XL: |  1  2  3  4  5  6  7 |
---------------+----------------------+-----
Dodging        | 2 3 |  3.3
Fighting       | 1 2 3 4 |  4.1
Maces & Flails | 1 2 3 4 |  4.1
Shields        | 1 2 |  2.5
Short Blades   | |  0.9
Stealth        | |  2.4
Spellcasting   | |  2.6
Hexes          | |  2.6

Action                   |  1- 3 |  4- 6 |  7- 9 || total
-------------------------+-------+-------+-------++-------
Melee: Dagger            |   234 |   168 |       ||   402
       Mace              |       |   385 |    70 ||   455
       Flail             |       |       |    32 ||    32
Invok: Potion Petition   |       |       |     1 ||     1
  Use: Scroll            |       |    11 |       ||    11
 Stab: Distracted        |     1 |     1 |       ||     2
       Invisible         |       |       |     3 ||     3
Armor: Robe              |     3 |       |       ||     3
       Ring mail         |    46 |       |       ||    46
       Scale mail        |    75 |       |       ||    75
       Chain mail        |       |   351 |       ||   351
       Plate armour      |       |   230 |    55 ||   285
Dodge: Dodged            |   128 |   256 |    16 ||   400
Block: Buckler           |       |    58 |    15 ||    73

Inventory:

Hand Weapons
 a - a +0 flail (weapon)
   (You took it off a gnoll on level 5 of the Dungeon)
 f - a +0 mace
   (You found it on level 1 of the Dungeon)
Armour
 c - a +0 buckler (worn)
   (You found it on level 3 of the Dungeon)
 d - a +0 plate armour (worn)
   (You found it on level 4 of the Dungeon)
Jewellery
 g - a ring of see invisible (left hand)
   (You found it on level 4 of the Dungeon)
Scrolls
 b - 2 scrolls of fear
 e - 4 scrolls of noise
 n - a scroll of remove curse
 t - 2 scrolls of teleportation {!r}
 B - a scroll of blinking


You were on level 5 of the Dungeon.
You worshipped Gozag.
Gozag was pleased with you.
You were not hungry.

You visited 1 branch of the dungeon, and saw 5 of its levels.

You collected 619 gold pieces.
You paid 34 gold pieces to Gozag.

Dungeon Overview and Level Annotations

Branches:
Dungeon (5/15)
 Temple: D:4-7

Altars:
Ashenzari
Gozag

Annotations:
D:3 3 runed doors, kagor's ghost, weakling HaMo
D:4 exclusion: ogre

.******###.* *$.,,,,,*,,,,,,*****
.,,,,,,,.#.###.#*,,,,,,,*,,,,,,,*
.,,**,,#,..%.#.,,,*****,*,,,,,,,*
#*,,,,,#.#....#***** *,**,,,,,,*
#######*,.....#*,,,* *,,+,,,,$,*
..)...#***#...##.#,*******,,,,,,*
..###.# #......#,,,#*,,,,,*+***
#.###)#####.#.######.#*,*****,***
#.#.......#.#.##@....#*,* *,,,,
#.#.#.###.#.#.##O#####*,* ****,
#...#.......#'#...#..,,,* *,
#########.#.......#.#######** *,
### #.'.......#........,****,
..##### ###....##'#.......,,*,,,,
......### #....#........#****,***
#.......# #....#........#,,,,,*
#.......# #....#........#,#****


You could see an ogre.

Notes
Turn   | Place    | Note
-------+----------+-------------------------------------------
     0 | D:1      | theanonym the Mummy Enchanter began the quest for the Orb.
     0 | D:1      | Reached XP level 1. HP: 13/13 MP: 4/4
    11 | D:1      | HP: 6/13 [goblin/dagger (3)]
    20 | D:1      | HP: 4/13 [frilled lizard (2)]
   133 | D:1      | Reached skill level 2 in Dodging
   255 | D:1      | Reached XP level 2. HP: 19/20 MP: 5/5
   301 | D:1      | Reached skill level 1 in Fighting
   467 | D:1      | HP: 8/21 [goblin/hand axe (5)]
   477 | D:1      | Reached XP level 3. HP: 7/26 MP: 7/7
  1242 | D:2      | Found an opulent altar of Gozag.
  1342 | D:2      | HP: 13/26 [jackal (1)]
  1582 | D:2      | HP: 10/26 [adder (4)]
  1585 | D:2      | Reached skill level 3 in Dodging
  1994 | D:2      | Reached XP level 4. HP: 20/33 MP: 8/8
  2414 | D:2      | HP: 16/33 [adder (2)]
  2415 | D:2      | Reached skill level 2 in Fighting
  2420 | D:2      | HP: 11/33 [rat (2)]
  3012 | D:3      | HP: 16/33 [rat (2)]
  3018 | D:2      | HP: 12/33 [jackal (1)]
  3024 | D:2      | HP: 6/33 [jackal (2)]
  3351 | D:2      | Became a worshipper of Gozag Ym Sagoz the Greedy
  3645 | D:2      | HP: 15/33 [jackal (2)]
  4263 | D:3      | Found a runed gate.
  4264 | D:3      | Found a runed gate.
  4265 | D:3      | Found a runed gate.
  4267 | D:3      | Noticed kagor's ghost (weakling HaMo)
  4321 | D:3      | HP: 15/33 [worm (2)]
  4330 | D:3      | HP: 7/33 [worm (3)]
  4357 | D:3      | HP: 6/33 [worm (4)]
  4368 | D:4      | HP: 3/33 [leopard gecko (4)]
  4695 | D:4      | HP: 15/33 [adder (2)]
  4700 | D:4      | HP: 15/33 [hound (1)]
  4705 | D:4      | HP: 12/33 [hound (3)]
  4708 | D:4      | Reached skill level 1 in Maces & Flails
  4708 | D:4      | Reached XP level 5. HP: 11/39 MP: 9/9
  5675 | D:4      | Noticed an ogre
  5743 | D:4      | HP: 16/39 [centaur skeleton (4)]
  5916 | D:4      | Noticed an ogre
  5944 | D:4      | Reached skill level 2 in Maces & Flails
  6210 | D:3      | Reached skill level 3 in Fighting
  6210 | D:3      | Reached skill level 1 in Shields
  6210 | D:3      | Reached XP level 6. HP: 29/47 MP: 10/10
  7620 | D:5      | Entered Level 5 of the Dungeon
  7643 | D:5      | Reached skill level 3 in Maces & Flails
  7732 | D:5      | HP: 23/47 [gnoll/flail (2)]
  7750 | D:4      | HP: 19/47 [jackal (1)]
  7758 | D:4      | HP: 19/47 [jackal (2)]
  7765 | D:3      | HP: 19/47 [jackal (1)]
  8218 | D:5      | Reached XP level 7. HP: 37/52 MP: 11/11
  8261 | D:5      | Reached skill level 2 in Shields
  8548 | D:5      | HP: 26/52 [gnoll/flail (2)]
  8596 | D:5      | HP: 24/53 [phantom (4)]
  8602 | D:5      | HP: 24/53 [crimson imp (2)]
  8616 | D:5      | HP: 25/53 [crimson imp (1)]
  8621 | D:5      | HP: 24/53 [crimson imp (2)]
  8827 | D:4      | Reached skill level 4 in Fighting
  8841 | D:4      | HP: 27/54 [ogre/giant club (24)]
  8845 | D:4      | HP: 12/54 [ogre/giant club (9)]
  8846 | D:4      | Reached skill level 4 in Maces & Flails
  9122 | D:4      | Found a shattered altar of Ashenzari.
  9405 | D:5      | HP: 13/54 [ogre/giant club (24)]
  9406 | D:5      | Mangled by an ogre

Vanquished Creatures
  A phantom (D:5)
  An ogre (D:4)
  A scorpion (D:4)
  2 howler monkeys
  A crimson imp (D:5)
  A centaur skeleton (D:4)
  2 hounds
  An orc wizard (D:4)
  A bullfrog skeleton (D:4)
  2 worker ants
  4 gnolls (D:5)
  6 adders
  An ooze (D:4)
  6 worms
  3 dart slugs
  4 leopard geckos
  4 orcs (D:4)
  2 ball pythons
  4 giant cockroaches
  9 goblins
  10 hobgoblins
  26 jackals
  10 bats
  13 frilled lizards
  5 kobolds
  9 rats
129 creatures vanquished.

Vanquished Creatures (others)
  An orc wizard (D:4)
1 creature vanquished.

Grand Total: 130 creatures vanquished

Table legend:
 A = Turns spent in this place as a percentage of turns spent in the entire game.
 B = Non-inter-level travel turns spent in this place as a percentage of non-inter-level travel turns spent in the entire game.
 C = Inter-level travel turns spent in this place as a percentage of turns spent in this place.
 D = Turns resting spent in this place as a percentage of non-inter-level travel turns spent in this place.
 E = Turns spent auto-exploring this place as a percentage of non-inter-level travel turns spent in this place.
 F = Non-inter-level travel turns spent in this place divided by the number of levels of this place that you've seen.
                   A       B       C       D       E      F
               +-------+-------+-------+-------+-------+----------------------
         Total | 100.0 | 100.0 |   7.2 |  42.6 |  34.4 | 1746.4
       Dungeon | 100.0 | 100.0 |   7.2 |  42.6 |  34.4 | 1746.4
               +-------+-------+-------+-------+-------+----------------------
